 Dungeon Crawl Stone Soup version 0.31-a0-1581-g41d5ff3e7b (webtiles) character file.

Game seed: 344637271799327193

204620 Malachi the Warrior (level 18, -7/159 (168) HPs)
             Began as an Armataur Fighter on Dec 13, 2023.
             Was the Champion of Jiyva.
             Killed from afar by a tengu reaver (illusionary) (33 damage)
             ... with a bolt of negative energy
             ... on level 2 of the Depths on Jan 5, 2024.
             The game lasted 00:40:07 (24509 turns).

Malachi the Warrior (Armataur Fighter)             Turns: 24509, Time: 00:40:08

HP:   -7/159 (168)  AC: 45    Str: 39    XL:     18   Next: 39%
MP:   27/27         EV:  4    Int:  8    God:    Jiyva [******]
Gold: 1361          SH:  8    Dex: 19    Spells: 17/17 levels left

rFire   + . .        m - +8 flail (protect)
rCold   + . .        c - +0 buckler
rNeg    . . .        R - +2 gold dragon scales
rPois   +            y - +2 helmet {SInv}
rElec   .            V - +2 cloak
rCorr   +            z - +0 pair of gloves
SInv    +            f - +0 barding of Servitude {rCorr Str+3}
Will    +++++        Z - amulet of Turphue {*Corrode Regen+ MP+9 SInv Stlth+} Stlth
                     u - ring "Foqyoh" {Will+ Str+3 Dex+2}
HPRegen 2.86/turn    H - ring "Enatuis" {Will+ Str+6 Dex+4}
MPRegen 1.00/turn

%: corrode self (3%), roll
@: flayed, under a protective aura, calling ooze, drained
A: large, deformed body, tough skin 3, armoured tail, roll 2, iridescent scales
1, strong-willed 3, eyeballs 3, gelatinous body 1, translucent skin 1, jelly
sensing items, jelly absorbing missiles
a: Renounce Religion, Oozemancy, Slimify


You were on level 2 of the Depths.
You worshipped Jiyva.
Jiyva was exalted by your worship.
You visited 4 branches of the dungeon, and saw 24 of its levels.
You also visited: Bailey.

You collected 2035 gold pieces.
You spent 674 gold pieces at shops.

Inventory:

Hand Weapons
 m - a +8 flail of protection (weapon)
Missiles
 G - 2 curare-tipped darts
 N - 2 throwing nets
Armour
 c - a +0 buckler (worn)
 f - the +0 barding of Servitude (worn) {rCorr Str+3}
   (You acquired it on level 4 of the Dungeon)

   Str+3:     It affects your strength (+3).
   rCorr:     It protects you from acid and corrosion.
 y - a +2 helmet of see invisible (worn)
 z - a +0 pair of gloves (worn)
 R - +2 gold dragon scales (worn)
 V - a +2 cloak (worn)
Jewellery
 u - the ring "Foqyoh" (left hand) {Will+ Str+3 Dex+2}
   (You found it on level 3 of the Dungeon)

   [ring of willpower]

   Str+3:     It affects your strength (+3).
   Dex+2:     It affects your dexterity (+2).
   Will+:     It increases your willpower.
 w - a ring of flight
 H - the ring "Enatuis" (right hand) {Will+ Str+6 Dex+4}
   (You acquired it on level 9 of the Dungeon)

   [ring of strength]

   Str+6:     It affects your strength (+6).
   Dex+4:     It affects your dexterity (+4).
   Will+:     It increases your willpower.
 L - an amulet of guardian spirit
 O - a +4 ring of protection
 S - a +4 ring of protection
 W - an amulet of reflection
 Z - the amulet of Turphue (around neck) {*Corrode Regen+ MP+9 SInv Stlth+}
   (You found it on level 1 of the Depths)

   [amulet of regeneration]

   MP+9:      It affects your magic capacity (+9).
   SInv:      It lets you see invisible.
   Regen+:    It increases your rate of health regeneration.
   *Corrode:  It may corrode you when you take damage.
   Stlth+:    It makes you more stealthy.
Wands
 b - a wand of polymorph (25)
 n - a wand of quicksilver (27)
 o - a wand of roots (18)
 E - a wand of digging (17)
 F - a wand of flame (17)
 J - a wand of paralysis (22)
Scrolls
 e - 2 scrolls of silence
 g - a scroll of brand weapon
 h - 12 scrolls of teleportation
 i - 3 scrolls of revelation
 j - 2 scrolls of fear
 p - a scroll of blinking
 r - 2 scrolls of poison
 A - a scroll of amnesia
 Y - a scroll of vulnerability
Potions
 d - 3 potions of might
 k - 10 potions of curing
 l - 5 potions of enlightenment
 q - 6 potions of heal wounds
 s - 2 potions of brilliance
 x - a potion of attraction
 B - 3 potions of berserk rage
 C - 7 potions of invisibility
 D - a potion of haste
 P - a potion of magic
 Q - a potion of cancellation
 X - a potion of mutation
Miscellaneous
 v - a phial of floods
 M - a phantom mirror


   Skills:
 + Level 16.6 Fighting
 - Level 14.0 Maces & Flails
 - Level 15.2 Armour
 - Level 15.0 Shields
 + Level 12.8 Evocations


You had 17 spell levels left.
You didn't know any spells.
Your spell library contained the following spells:

 Spells                   Type           Power      Damage    Failure   Level
 Apportation              Tloc           0%         N/A       99%         1
 Magic Dart               Conj           0%         1d3       99%         1
 Necrotise                Necr           0%         1d4       99%         1
 Slow                     Hex            0%         N/A       99%         1
 Sting                    Conj/Alch      0%         1d3       99%         1
 Summon Small Mammal      Summ           0%         N/A       99%         1
 Call Imp                 Summ           0%         N/A       99%         2
 Mercury Vapours          Alch/Air       0%         N/A       99%         2
 Searing Ray              Conj           0%         2d4       99%         2
 Confusing Touch          Hex            0%         N/A       100%        3
 Frozen Ramparts          Ice            0%         1d1       100%        3
 Fugue of the Fallen      Necr           0%         N/A       100%        3
 Mephitic Cloud           Conj/Alch/Air  0%         N/A       100%        3
 Ozocubu's Armour         Ice            0%         N/A       100%        3
 Sigil of Binding         Hex            0%         N/A       100%        3
 Swiftness                Air            0%         N/A       100%        3
 Vampiric Draining        Necr           0%         2d6       100%        3
 Fulminant Prism          Conj/Alch      0%         3d5       100%        4
 Ignite Poison            Fire/Alch      0%         N/A       100%        4
 Olgreb's Toxic Radiance  Alch           0%         N/A       100%        4
 Petrify                  Alch/Erth      0%         N/A       100%        4
 Alistair's Intoxication  Alch           0%         N/A       100%        5
 Irradiate                Conj/Alch      0%         3d11      100%        5
 Metabolic Englaciation   Hex/Ice        0%         N/A       100%        5
 Conjure Ball Lightning   Conj/Air       0%         3x3d6     100%        6
 Haunt                    Necr/Summ      0%         N/A       100%        7
 Ozocubu's Refrigeration  Ice            0%         4d7       100%        7
 Borgnjor's Revivificati  Necr           0%         N/A       100%        8
 Discord                  Hex            0%         N/A       100%        8
 Disjunction              Tloc           0%         N/A       100%        8
 Chain Lightning          Conj/Air       0%         N/A       100%        9
 Death's Door             Necr           0%         N/A       100%        9


Dungeon Overview and Level Annotations

Branches:
Dungeon (15/15)            Temple (0/1) D:5            Lair (5/5) D:9
 Shoals (0/4) Lair:2       Spider (0/4) Lair:3        Slime (0/5) Lair:5
    Orc (2/2) D:10            Elf (0/3) Orc:2        Vaults (0/5) D:14
 Depths (2/4) D:15         Bailey (visited)

Altars:
Ashenzari
Dithmenos
Elyvilon
Fedhas
Hepliaklqana
Kikubaaqudgha
Makhleb
Nemelex Xobeh
Ru
Sif Muna
Uskayaw
Vehumet
Wu Jian
Xom
Zin
Jiyva

Shops:
D:5 *   D:6 *?   D:15 [   Orc:2 ::*[   Depths:2 (

Portals:
Hell: Depths:1
Abyss: Depths:1
Ziggurat: Depths:1

Annotations:
D:9 2 transporters, Nr616's ghost, novice MiGl


Innate Abilities, Weirdness & Mutations

Armour fits poorly on your strangely shaped body.
You have extremely tough skin. (AC +3)
You have a long armoured tail.
You regenerate magic and health when rolling toward enemies. (Rampage Regen)
You are partially covered in iridescent scales. (AC +2)
You are extremely strong-willed. (Will+++)
Your body is covered in eyes which may confuse attackers. (Acc +7, SInv)
Your rubbery body absorbs attacks. (AC +1, EV +1)
Your translucent skin slightly reduces your foes' accuracy. (Stealth+)
You have a small jelly attached to you that senses nearby items.
You have a small jelly attached to you that may absorb projectiles.


Message History

You thump the titan!
The titan is moderately wounded.
The rakshasa blinks!
The frost giant hits you with a +2 battleaxe of freezing!
The frost giant freezes you.
The eyeballs on your body gaze at the frost giant.
The wall burns the titan!
The titan points at you and mumbles some strange words.
The bolt of lightning hits you!!
You hear an angry buzzing noise.
You hear a shout!
You hear a horrible gurgling sound!
You hear a shout! x3
You are too injured to fight recklessly!
You sock the titan! You tail-slap the titan!
The titan is severely wounded.
The rakshasa weaves an illusion.
The frost giant shimmers and seems to become two!
Unknown command.
You sock the titan!
The titan is almost dead.
The flayed ghost cries, "Suffer as I suffered!"
Terrible wounds open up all over your body!
* * * LOW HITPOINT WARNING * * *
The frost giant ponders the situation.
The frost giant shouts, "NO!"
The frost giant hits you with a +2 battleaxe of freezing!
* * * LOW HITPOINT WARNING * * *
The wall burns the tengu reaver!
The tengu reaver hits you with a +0 great sword.
* * * LOW HITPOINT WARNING * * *
The tengu reaver completely misses you.
The tengu reaver claws you but does no damage.
The wall burns the titan!
The titan hits you but does no damage.
You barely miss the titan.
The titan is almost dead.
The rakshasa hits you from afar with a +2 heavy trident!
* * * LOW HITPOINT WARNING * * *
The wall burns the frost giant!
The wall burns the tengu reaver!
The tengu reaver casts a spell at you. The bolt of negative energy hits you!!
You feel drained.
You die...

.......##.##............
........#.#..............
.................#.......#
.#........................
.#..................#.....
.#........................
.#................R.......
.#.......[.......CC.......
.#..............@CD.......
####......#######QQ.#####
.#.###....# ♣♣♣♣♣u♣♣♣♣♣
..........#♣♣♣....WCC..♣♣♣#
.#.###....#...............#
####......#♣♣♣..☼☼☼....♣♣♣
.#...#....# ♣♣♣☼§☼♣♣♣♣♣
.#..##....# ###☼#
.#........# #u#


You could see 2 titans, 2 frost giants, a white very ugly thing, an ice dragon,
a stone giant, 2 tengu reavers, a rakshasa and a flayed ghost.

Vanquished Creatures
  An ancient lich (Depths:1)
  The ghost of Atiunar the Hawkeye, a master TrDe of Gozag (Depths:1)
  The ghost of Atiunar the Hawkeye, a master TrDe of Gozag (Depths:1)
  The ghost of Causaover the Imperceptible, a veteran TeGl of Uskayaw (Depths:1)
  A lich (Depths:1)
  2 stone giants (Depths:1)
  12 very ugly things
  A vampire knight (Depths:2)
  Azrael (D:13)
  2 fire dragons
  3 ettins
  A merfolk impaler (Depths:1)
  An ice dragon (Depths:2)
  A rakshasa (D:14)
  7 hydras
  5 centaur warriors
  2 catoblepae
  3 spriggan air magi
  2 ogre magi (Orc:2)
  9 two-headed ogres
  3 boulder beetles
  Erica (Lair:2)
  A deep troll earth mage (Depths:1)
  A tengu warrior (D:12)
  A spriggan berserker (Depths:1)
  2 hell hogs (Lair:5)
  A vampire mage (Depths:1)
  Urug (D:14)
  Nergalle (D:10)
  5 hell knights
  7 skeletal warriors
  A spriggan (Depths:1)
  Lodul (D:10)
  2 skysharks
  5 deep trolls
  A lindwurm (Lair:5)
  2 phantasmal warriors (Depths:2)
  3 orc knights
  2 wolf spider zombies (D:15)
  Pikel (D:4)
  4 harpies
  A deep elf pyromancer (D:12)
  4 necromancers
  3 manticores
  2 wolf spiders
  33 ugly things
  9 cyclopes
  3 orc sorcerers
  22 elephants
  10 black mambas
  2 molten gargoyles (Lair:5)
  A centaur zombie (D:15)
  A gargoyle (D:13)
  12 cane toads
  A rime drake (Lair:4)
  Maggie (D:10)
  2 unseen horrors
  A freezing wraith (D:11)
  3 efreet
  10 komodo dragons
  3 tengu conjurers
  A meliai (D:14)
  2 polar bears (Lair:3)
  Grinder (D:3)
  2 hornets
  12 trolls
  30 blink frogs
  3 jumping spiders (Lair:3)
  A vampire (D:15)
  2 wraiths (D:15)
  4 shadows
  9 wyverns
  26 yaks
  16 humans (D:14)
  13 vampire mosquitoes
  2 fire elementals (D:13)
  2 basilisks
  A redback (Lair:3)
  Menkaure (D:4)
  4 steam dragons
  3 acid dragons (D:11)
  15 water moccasins
  7 hell hounds
  3 black bears
  3 ice beasts
  4 sky beasts
  A hornet zombie (D:15)
  27 orc warriors
  29 ogres
  23 wolves
  2 lemures
  2 phantoms (D:5)
  A bullfrog (shapeshifter) (D:15)
  2 kobold brigands
  A gnoll sergeant (D:9)
  10 bullfrogs
  2 scorpions
  21 wights
  10 killer bees
  2 electric eels
  2 vampire bats (Lair:4)
  5 howler monkeys
  4 lava snakes (Lair:5)
  4 hounds
  2 jellies
  11 orc priests
  7 iguanas
  13 orc wizards
  Robin (D:4)
  5 gnolls (D:9)
  7 adders
  A howler monkey simulacrum (D:11)
  A white imp (D:7)
  2 ufetubi (D:6)
  2 ribbon worms
  3 dart slugs
  62 orcs
  5 endoplasms
  8 giant cockroaches
  19 goblins
  12 hobgoblins
  4 jackals (D:3)
  3 quokkas
  6 ball pythons
  8 bats
  A frilled lizard (D:3)
  16 kobolds
  7 rats
748 creatures vanquished.

Vanquished Creatures (others)
  A very ugly thing (Depths:2)
  A hydra (D:14)
  A centaur zombie (D:15)
  An unseen horror (D:11)
  Psyche (D:10)
  A spriggan (shapeshifter) (D:13)
  3 centaurs (D:13)
  2 ogres
  31 jellies
  A killer bee (D:10)
  3 orc wizards
  10 orcs
56 creatures vanquished.

Grand Total: 804 creatures vanquished

Notes
Turn   | Place    | Note
-------+----------+-------------------------------------------
     0 | D:1      | Malachi the Armataur Fighter began the quest for the Orb.
     0 | D:1      | Reached XP level 1. HP: 17/17 MP: 1/1
   306 | D:1      | Reached XP level 2. HP: 23/23 MP: 2/2
   879 | D:2      | Reached XP level 3. HP: 25/28 MP: 3/3
   933 | D:2      | Reached skill level 3 in Fighting
  1110 | D:2      | Found a faded altar of an unknown god.
  1633 | D:3      | Reached XP level 4. HP: 33/35 MP: 4/4
  1722 | D:3      | Noticed Grinder
  1730 | D:3      | Killed Grinder
  1731 | D:3      | Reached skill level 1 in Evocations
  1731 | D:3      | Reached XP level 5. HP: 41/41 MP: 5/5
  1731 | D:3      | Reached XP level 6. HP: 47/47 MP: 6/6
  1906 | D:3      | Identified the ring "Foqyoh" {Will+ Str+3 Dex+2}
  2243 | D:4      | Noticed Pikel
  2246 | D:4      | Noticed a water moccasin
  2385 | D:4      | Reached skill level 5 in Armour
  2813 | D:4      | Noticed Robin
  2826 | D:4      | Killed Robin
  3078 | D:4      | Killed Pikel
  3079 | D:4      | Reached skill level 4 in Fighting
  3079 | D:4      | Reached skill level 5 in Maces & Flails
  3079 | D:4      | Reached skill level 5 in Shields
  3079 | D:4      | Gained mutation: You regenerate magic and health when
                  | rolling toward enemies. (Rampage Regen) [Armataur growth]
  3079 | D:4      | Reached XP level 7. HP: 16/55 MP: 7/7
  3249 | D:4      | Found a shimmering altar of Xom.
  3430 | D:4      | Found a sacrificial altar of Ru.
  3430 | D:4      | Noticed Menkaure
  3435 | D:4      | Killed Menkaure
  3436 | D:4      | Reached XP level 8. HP: 34/61 MP: 8/8
  3592 | D:4      | Identified a scroll of acquirement
  3593 | D:4      | Acquired the +0 barding of Servitude {rCorr Str+3}
  3611 | D:5      | Entered Level 5 of the Dungeon
  3790 | D:5      | Found a staircase to the Ecumenical Temple.
  3870 | D:5      | Reached skill level 5 in Fighting
  4134 | D:5      | Found Waprurol's Lightly-Used Armoury.
  4520 | D:5      | Found a burning altar of Makhleb.
  4711 | D:6      | Found Olluulaxe's Magic Scroll Boutique.
  4715 | D:6      | Bought a scroll of identify for 22 gold pieces
  4715 | D:6      | Bought a scroll of identify for 22 gold pieces
  4715 | D:6      | Bought a scroll of identify for 22 gold pieces
  4885 | D:6      | Found Susill's General Store.
  4892 | D:6      | Bought a potion of curing for 36 gold pieces
  4892 | D:6      | Bought a scroll of teleportation for 36 gold pieces
  4954 | D:6      | Reached skill level 5 in Evocations
  4998 | D:6      | Found a radiant altar of Vehumet.
  5439 | D:6      | Reached XP level 9. HP: 65/69 MP: 9/9
  5628 | D:6      | Found a shimmering blue altar of Sif Muna.
  5655 | D:6      | Reached skill level 6 in Fighting
  6553 | D:8      | Reached skill level 7 in Fighting
  6910 | D:8      | Reached XP level 10. HP: 64/74 MP: 10/10
  7262 | D:8      | Reached skill level 10 in Maces & Flails
  7265 | D:8      | Found a shadowy altar of Dithmenos.
  7454 | D:8      | Found a hazy altar of Hepliaklqana.
  7575 | D:8      | Found a glowing silver altar of Zin.
  7975 | D:9      | Found a white marble altar of Elyvilon.
  8396 | D:9      | Noticed a cyclops
  8419 | D:9      | Killed a cyclops
  8420 | D:9      | Reached skill level 8 in Fighting
  8474 | D:9      | Found a flagged portal.
  8485 | Bailey   | Entered a bailey
  8805 | Bailey   | Noticed an orc knight
  8805 | Bailey   | Noticed an orc knight
  8818 | Bailey   | Killed an orc knight
  8824 | Bailey   | Killed an orc knight
  8825 | Bailey   | Reached XP level 11. HP: 83/87 MP: 9/11
  8926 | D:9      | Acquired the ring "Enatuis" {Will+ Str+6 Dex+4}
  9004 | D:9      | Found a hide-covered altar of Uskayaw.
  9017 | D:9      | Found a staircase to the Lair.
  9184 | D:9      | Noticed Nr616's ghost (novice MiGl)
  9191 | D:9      | Found a transporter.
  9193 | D:9      | Noticed a purple ugly thing
  9215 | D:9      | Found a transporter.
  9228 | D:9      | Reached skill level 9 in Fighting
  9454 | Lair:1   | Entered Level 1 of the Lair of Beasts
 11061 | Lair:2   | Noticed a harpy
 11061 | Lair:2   | Noticed a harpy
 11062 | Lair:2   | Found a staircase to the Shoals.
 11062 | Lair:2   | Noticed a harpy
 11062 | Lair:2   | Noticed a harpy
 11072 | Lair:1   | Killed a harpy
 11073 | Lair:1   | Reached skill level 10 in Fighting
 11162 | Lair:2   | Noticed Erica
 11176 | Lair:1   | HP: 2/90 [cane toad (8)]
 11554 | Lair:2   | Noticed an eight-headed hydra
 11562 | Lair:2   | Killed an eight-headed hydra
 11565 | Lair:2   | Reached XP level 12. HP: 94/98 MP: 8/12
 11717 | Lair:2   | Reached skill level 11 in Fighting
 11745 | Lair:2   | Noticed a catoblepas
 11781 | Lair:2   | Killed a catoblepas
 12461 | Lair:2   | Killed Erica
 12462 | Lair:2   | Reached skill level 12 in Fighting
 13503 | Lair:3   | Reached skill level 13 in Fighting
 13518 | Lair:3   | Reached XP level 13. HP: 41/111 MP: 7/13
 13890 | Lair:3   | Found a hole to the Spider Nest.
 15100 | Lair:5   | Entered Level 5 of the Lair of Beasts
 15145 | Lair:5   | Found a viscous altar of Jiyva.
 15145 | Lair:5   | Found a staircase to the Slime Pits.
 15208 | Lair:5   | Reached skill level 10 in Armour
 15429 | Lair:5   | Reached skill level 10 in Shields
 15785 | Lair:5   | Reached XP level 14. HP: 55/118 MP: 14/14
 16050 | Lair:5   | Found a large runed translucent door.
 16397 | Lair:5   | Found a large runed translucent door.
 16882 | Lair:5   | Became a worshipper of Jiyva Joeraig the Shapeless
 17006 | D:9      | Gained mutation: Your health recovers twice as slowly from
                  | being drained. [potion of mutation]
 17006 | D:9      | Gained mutation: You passively map a small area around you.
                  | [potion of mutation]
 17006 | D:9      | Gained mutation: Your flesh is heat resistant. (rF+)
                  | [potion of mutation]
 17007 | D:9      | Lost mutation: Your flesh is heat resistant. (rF+) [potion
                  | of mutation]
 17007 | D:9      | Lost mutation: You passively map a small area around you.
                  | [potion of mutation]
 17007 | D:9      | Lost mutation: Your health recovers twice as slowly from
                  | being drained. [potion of mutation]
 17007 | D:9      | Gained mutation: You occasionally lose the ability to drink
                  | potions when taking damage. [potion of mutation]
 17007 | D:9      | Gained mutation: Your body sometimes deteriorates upon
                  | taking damage. [potion of mutation]
 17007 | D:9      | Gained mutation: You sometimes lose your temper in combat.
                  | [potion of mutation]
 17007 | D:9      | Gained mutation: You are clumsy. (Dex -2) [potion of
                  | mutation]
 17007 | D:9      | Gained mutation: You are partially covered in iridescent
                  | scales. (AC +2) [potion of mutation]
 17008 | D:9      | Lost mutation: You are clumsy. (Dex -2) [potion of
                  | mutation]
 17008 | D:9      | Lost mutation: Your body sometimes deteriorates upon taking
                  | damage. [potion of mutation]
 17008 | D:9      | Lost mutation: You sometimes lose your temper in combat.
                  | [potion of mutation]
 17008 | D:9      | Lost mutation: You are partially covered in iridescent
                  | scales. (AC +2) [potion of mutation]
 17008 | D:9      | Gained mutation: Your spells are a little easier to cast,
                  | but a little less powerful. [potion of mutation]
 17008 | D:9      | Gained mutation: You are clumsy. (Dex -2) [potion of
                  | mutation]
 17008 | D:9      | Gained mutation: You sometimes lose the ability to drink
                  | potions when taking damage. [potion of mutation]
 17008 | D:9      | Gained mutation: You are weak. (Str -2) [potion of
                  | mutation]
 17008 | D:9      | Gained mutation: Your magical capacity is low. (-10% MP)
                  | [potion of mutation]
 17008 | D:9      | Lost mutation: Your spells are a little easier to cast, but
                  | a little less powerful. [potion of mutation]
 17010 | D:9      | Lost mutation: You are clumsy. (Dex -2) [potion of
                  | mutation]
 17010 | D:9      | Lost mutation: You are weak. (Str -2) [potion of mutation]
 17010 | D:9      | Lost mutation: Your magical capacity is low. (-10% MP)
                  | [potion of mutation]
 17010 | D:9      | Lost mutation: You sometimes lose the ability to drink
                  | potions when taking damage. [potion of mutation]
 17010 | D:9      | Gained mutation: Your body sometimes deteriorates upon
                  | taking damage. [potion of mutation]
 17010 | D:9      | Gained mutation: You are vulnerable to cold. (rC-) [potion
                  | of mutation]
 17010 | D:9      | Gained mutation: You are clumsy. (Dex -2) [potion of
                  | mutation]
 17010 | D:9      | Gained mutation: You are dopey. (Int -2) [potion of
                  | mutation]
 17010 | D:9      | Gained mutation: You possess an exceptional clarity of
                  | mind. [potion of mutation]
 17010 | D:9      | Gained mutation: Your system is resistant to poisons.
                  | (rPois) [potion of mutation]
 17010 | D:9      | Gained mutation: Your skin changes colour to match your
                  | surroundings (Stealth+). [potion of mutation]
 17014 | D:10     | Entered Level 10 of the Dungeon
 17138 | D:10     | Found a broken altar of Ashenzari.
 17156 | D:10     | Found an ornate altar of the Wu Jian Council.
 17156 | D:10     | Found a blossoming altar of Fedhas.
 17156 | D:10     | Found a sparkling altar of Nemelex Xobeh.
 17231 | D:10     | Noticed Nergalle
 17243 | D:10     | Killed Nergalle
 17261 | D:10     | Killed Psyche
 17303 | D:10     | Reached * piety under Jiyva
 17312 | D:10     | Noticed Maggie
 17321 | D:10     | Killed Maggie
 17350 | D:10     | Identified the +8 spear of Uhycehei {pain, ^Fragile rPois
                  | Will+ Int+2}
 17388 | D:10     | Noticed Lodul
 17398 | D:10     | Killed Lodul
 17699 | D:10     | Found a staircase to the Orcish Mines.
 17731 | Orc:1    | Entered Level 1 of the Orcish Mines
 17938 | Orc:1    | Reached ** piety under Jiyva
 17966 | Orc:2    | Entered Level 2 of the Orcish Mines
 18150 | Orc:2    | Found Hagoizxe's Book Shop.
 18153 | Orc:2    | Found Vottueh's Book Shoppe.
 18227 | Orc:2    | Found Soudasch's General Store.
 18229 | Orc:2    | Found Iryrefupt's Armour Emporium.
 18253 | Orc:2    | Bought 3 scrolls of teleportation for 144 gold pieces
 18253 | Orc:2    | Bought a potion of mutation for 128 gold pieces
 18253 | Orc:2    | Lost mutation: Your system is resistant to poisons. (rPois)
                  | [potion of mutation]
 18253 | Orc:2    | Lost mutation: You are clumsy. (Dex -2) [potion of
                  | mutation]
 18253 | Orc:2    | Lost mutation: Your skin changes colour to match your
                  | surroundings (Stealth+). [potion of mutation]
 18253 | Orc:2    | Lost mutation: You possess an exceptional clarity of mind.
                  | [potion of mutation]
 18253 | Orc:2    | Gained mutation: You are frail. (-10% HP) [potion of
                  | mutation]
 18253 | Orc:2    | Gained mutation: You are partially covered in iridescent
                  | scales. (AC +2) [potion of mutation]
 18253 | Orc:2    | Gained mutation: Your magical capacity is low. (-10% MP)
                  | [potion of mutation]
 18253 | Orc:2    | Gained mutation: Your system is resistant to poisons.
                  | (rPois) [potion of mutation]
 18253 | Orc:2    | Gained mutation: You occasionally lose the ability to read
                  | scrolls when taking damage. [potion of mutation]
 18253 | Orc:2    | Gained mutation: Your movements are slightly less
                  | encumbered by armour. (ER -2) [potion of mutation]
 18480 | Orc:2    | Reached *** piety under Jiyva
 18622 | Orc:2    | Found a staircase to the Elven Halls.
 18662 | Orc:2    | Lost mutation: Your body sometimes deteriorates upon taking
                  | damage. [Jiyva's grace]
 18662 | Orc:2    | Lost mutation: Your magical capacity is low. (-10% MP)
                  | [Jiyva's grace]
 18662 | Orc:2    | Gained mutation: You possess an exceptional clarity of
                  | mind. [Jiyva's grace]
 18662 | Orc:2    | Gained mutation: Your translucent skin slightly reduces
                  | your foes' accuracy. (Stealth+) [Jiyva's grace]
 18662 | Orc:2    | Gained mutation: Your translucent skin reduces your foes'
                  | accuracy. (Stealth+) [Jiyva's grace]
 18662 | Orc:2    | Gained mutation: Your transparent skin significantly
                  | reduces your foes' accuracy. (Stealth+) [Jiyva's grace]
 18956 | D:11     | Reached **** piety under Jiyva
 19094 | D:11     | Reached XP level 15. HP: 110/110 MP: 15/15
 19154 | D:11     | Reached skill level 15 in Armour
 19154 | D:11     | Reached XP level 16. HP: 117/117 MP: 16/16
 19154 | D:11     | Reached XP level 17. HP: 122/122 MP: 17/17
 19747 | D:12     | You fall into a shaft and drop 1 floor!
 20023 | D:13     | Noticed Azrael
 20061 | D:13     | Killed Azrael
 20062 | D:13     | Reached skill level 15 in Shields
 20105 | D:13     | Lost mutation: You possess an exceptional clarity of mind.
                  | [Jiyva's grace]
 20105 | D:13     | Lost mutation: You are dopey. (Int -2) [Jiyva's grace]
 20105 | D:13     | Lost mutation: You are frail. (-10% HP) [Jiyva's grace]
 20105 | D:13     | Lost mutation: You are vulnerable to cold. (rC-) [Jiyva's
                  | grace]
 20105 | D:13     | Lost mutation: Your movements are slightly less encumbered
                  | by armour. (ER -2) [Jiyva's grace]
 20105 | D:13     | Gained mutation: Your rubbery body absorbs attacks. (AC +1,
                  | EV +1) [Jiyva's grace]
 20105 | D:13     | Gained mutation: Your pliable body absorbs attacks. (AC +2,
                  | EV +2) [Jiyva's grace]
 20105 | D:13     | Gained mutation: Your gelatinous body deflects attacks. (AC
                  | +3, EV +3) [Jiyva's grace]
 20105 | D:13     | Gained mutation: You are mostly covered in iridescent
                  | scales. (AC +4) [Jiyva's grace]
 20107 | D:13     | Reached ***** piety under Jiyva
 21078 | D:12     | Lost mutation: You occasionally lose the ability to read
                  | scrolls when taking damage. [potion of mutation]
 21078 | D:12     | Lost mutation: Your transparent skin significantly reduces
                  | your foes' accuracy. (Stealth+) [potion of mutation]
 21078 | D:12     | Lost mutation: Your gelatinous body deflects attacks. (AC
                  | +3, EV +3) [potion of mutation]
 21078 | D:12     | Lost mutation: You are mostly covered in iridescent scales.
                  | (AC +4) [potion of mutation]
 21078 | D:12     | Lost mutation: Your pliable body absorbs attacks. (AC +2,
                  | EV +2) [potion of mutation]
 21078 | D:12     | Lost mutation: Your system is resistant to poisons. (rPois)
                  | [potion of mutation]
 21078 | D:12     | Lost mutation: You occasionally lose the ability to drink
                  | potions when taking damage. [potion of mutation]
 21078 | D:12     | Gained mutation: You are partially covered in large bone
                  | plates. (SH +4) [potion of mutation]
 21117 | D:14     | Noticed Urug
 21117 | D:14     | Found a gate to the Vaults.
 21120 | D:14     | Killed Urug
 21121 | D:14     | Reached skill level 10 in Evocations
 21343 | D:14     | Lost mutation: You are partially covered in large bone
                  | plates. (SH +4) [Jiyva's grace]
 21343 | D:14     | Lost mutation: Your translucent skin reduces your foes'
                  | accuracy. (Stealth+) [Jiyva's grace]
 21343 | D:14     | Gained mutation: Your body has grown eyes which may confuse
                  | attackers. (Acc +3) [Jiyva's grace]
 21343 | D:14     | Gained mutation: Your body has grown many eyes which may
                  | confuse attackers. (Acc +5) [Jiyva's grace]
 21343 | D:14     | Gained mutation: Your body is covered in eyes which may
                  | confuse attackers. (Acc +7, SInv) [Jiyva's grace]
 21343 | D:14     | Gained mutation: You have a small jelly attached to you
                  | that may absorb projectiles. [Jiyva's grace]
 21391 | D:14     | Reached ****** piety under Jiyva
 21759 | D:14     | Got the Papyrus of Toxicants and Breath
 21817 | D:15     | Entered Level 15 of the Dungeon
 22147 | D:15     | Reached skill level 14 in Fighting
 22194 | D:15     | Found a staircase to the Depths.
 22541 | D:15     | Found Otee's Armour Shoppe.
 22566 | D:15     | Bought a +2 cloak for 264 gold pieces
 22849 | Depths:1 | Entered Level 1 of the Depths
 22849 | Depths:1 | Found a gateway to Hell.
 22857 | Depths:1 | Found a one-way gate to the infinite horrors of the Abyss.
 22865 | D:15     | Reached skill level 15 in Fighting
 23050 | Depths:1 | Found a runed translucent gate.
 23052 | Depths:1 | Found a runed translucent gate.
 23052 | Depths:1 | Noticed an ancient lich
 23053 | Depths:1 | Found a runed translucent gate.
 23053 | Depths:1 | Found an ancient bone altar of Kikubaaqudgha.
 23053 | Depths:1 | Noticed Atiunar's ghost (master TrDe)
 23053 | Depths:1 | Noticed Causaover's ghost (veteran TeGl)
 23053 | Depths:1 | Noticed Atiunar's ghost (master TrDe)
 23054 | Depths:1 | Noticed a lich
 23204 | Depths:1 | Found a one-way gateway to a ziggurat.
 23306 | Depths:1 | Gained mutation: You have a small jelly attached to you
                  | that senses nearby items. [Jiyva's grace]
 23306 | Depths:1 | Gained mutation: You are strong-willed. (Will+) [Jiyva's
                  | grace]
 23306 | Depths:1 | Gained mutation: You are highly strong-willed. (Will++)
                  | [Jiyva's grace]
 23306 | Depths:1 | Gained mutation: You are extremely strong-willed. (Will+++)
                  | [Jiyva's grace]
 23449 | Depths:1 | Reached XP level 18. HP: 151/151 MP: 18/18
 23673 | Depths:1 | Killed an ancient lich
 23674 | Depths:1 | Reached skill level 16 in Fighting
 23705 | Depths:1 | Killed Atiunar's ghost
 23711 | Depths:1 | Killed a lich
 23734 | Depths:1 | Killed Causaover's ghost
 23755 | Depths:1 | Killed Atiunar's ghost
 23766 | Depths:1 | Identified the amulet of Turphue {*Corrode Regen+ MP+9 SInv
                  | Stlth+}
 23804 | Depths:1 | Identified the +1 helmet of Darkness {+Blink rCorr Slay-3
                  | SInv}
 24205 | Depths:1 | Upgraded the game from 0.31-a0-1205-g5e5e916f41 to
                  | 0.31-a0-1581-g41d5ff3e7b
 24260 | Depths:2 | Found a shimmering altar of Xom.
 24377 | Depths:2 | Found Titohei's Weapon Shoppe.
 24509 | Depths:2 | Killed from afar by a tengu reaver (illusionary)

Illustrated notes

Levels and vault maps discovered:
D:1:      minmay_arrival_loop, layout_loops_ring
D:2:      layout_loops_ring, hellmonk_ecumenical_altar_leap_of_faith,
          st_stairs_7
D:3:      layout_basic, minmay_checkerbox, uniq_grinder
D:4:      layout_basic, nicolae_ru_awakened_eye, mainiacjoe_overflow_catwalk,
          minmay_pentomino_pile, uniq_robin, uniq_menkaure, uniq_pikel
D:5:      layout_rooms, marbit_many_paths, minmay_temple_entry_sparse_star,
          minmay_shop_damaged
D:6:      layout_loops_ring, fiery_altar_vehumet, old_standard_altar,
          serial_shops, nicolae_shop_pleasant_corner_grove, shop,
          kennysheep_another_room, kennysheep_generic_room_5
D:7:      layout_basic, serial_glass, glass_columns_b, glass_columns_b,
          glass_columns_b, glass_columns_a
D:8:      nicolae_cairo_tiling_large_dashed, layout_basic,
          mainiacjoe_overflow_surrounded_room,
          nicolae_dithmenos_through_a_glass_darkly, mainiacjoe_overflow_24_doors
D:9:      layout_basic, elyvilon_altar_1, eat_drink_and_be_merry_uskayaw,
          lair_entry_dummy, enter_bailey_4, nzn_ghost_randoct,
          serial_bayou_pond_a
D:10:     layout_roguey, ashenzari_altar_1, gammafunk_temple_overflow_forgotten,
          orc_0_dummy, uniq_nergalle, uniq_lodul, uniq_maggie, uniq_psyche
D:11:     layout_roguey, nrook_loot_triangle, minmay_fractal_squares_gapless_7
D:12:     layout_basic, hellmonk_talismancer
D:13:     layout_layer_cave, uniq_azrael
D:14:     layout_stronghold, david_vaults_3, serial_column_ruins,
          column_ruins_hut, column_ruins_square_small, column_ruins_open_small,
          column_ruins_corridor_corner, column_ruins_open_medium,
          column_ruins_corridor_straight, column_ruins_corridor_dead_end
D:15:     hangedman_depths_entry_civil_slaughter, layout_loops_corners,
          serial_undead, serial_undead_d, serial_undead_d, serial_undead_b,
          serial_undead_c, minmay_misc_feat_doors, serial_shops, shop
Lair:1:   wander_river, layout_layer_cave, grunt_megastairs_3,
          infiniplex_staircase_pool
Lair:2:   layout_loops_ring, nicolae_shoals_entry_roost, serial_bayou_lake_a,
          grunt_megastairs_2, uniq_erica
Lair:3:   layout_chaotic_city, spider_nest_entry_a, gammafunk_lair_bear_cave
Lair:4:   layout_misc_corridors, roderic_batcave
Lair:5:   cheibrodos_lair_end_hotspot, layout_regular_city, slime_entry_1,
          nicolae_lair_run_with_the_wolves
Orc:1:    layout_caves, basic_altar
Orc:2:    st_orc_open, layout_caves, nicolae_orc_pool_cavern,
          nicolae_orc_lava_room
Depths:1: layout_gridlike, enter_ziggurat_b, gammafunk_ghost_crypt, hell_entry,
          minmay_door_square, abyss_entry, nicolae_two_hexagons,
          patterned_corridor
Depths:2: nzn_winding_woodlands_small [nzn_winding_woodlands_5x15_crooked,
          nzn_winding_woodlands_center_pierced_h,
          nzn_winding_woodlands_5x15_default], layout_cave_shapes,
          xom_teletrap_fun, pan_entry, hangedman_coc_ice_floe,
          serial_bayou_shore_b, infiniplex_staircase_pillars_1, minmay_shop_star

Skill      XL: |  1  2  3  4  5  6  7  8  9 10 11 12 13 14 15 16 17 18 |
---------------+-------------------------------------------------------+-----
Maces & Flails | 2 3 5 7 9 11 13 14 | 14.0
Armour         | 4 5 6 11 13 15 | 15.2
Fighting       | 3 4 5 7 8 10 13 15 16 | 16.6
Shields        | 4 5 6 11 13 14 15 | 15.0
Evocations     | 1 3 5 8 11 12 | 12.8

Action                     |  1- 3 |  4- 6 |  7- 9 | 10-12 | 13-15 | 16-18 || total
---------------------------+-------+-------+-------+-------+-------+-------++-------
  Melee: Flail             |   107 |   150 |   328 |   644 |   967 |   852 ||  3048
         Tailslap          |    13 |    20 |    43 |   121 |   186 |   212 ||   595
 Invoke: Slimify           |       |       |       |       |       |     1 ||     1
         Oozemancy         |       |       |       |       |       |     1 ||     1
  Evoke: Wand              |       |     2 |     2 |    11 |     5 |       ||    20
    Use: Potion            |       |     1 |     1 |     3 |    11 |     7 ||    23
         Scroll            |       |       |    21 |     5 |     6 |     4 ||    36
   Stab: Petrified         |       |       |       |     1 |       |       ||     1
         Confused          |       |       |       |       |       |    38 ||    38
 Armour: Scale mail        |    67 |   100 |       |       |       |       ||   167
         Chain mail        |       |    22 |   212 |       |       |       ||   234
         Skin              |       |     1 |       |       |       |       ||     1
         Plate armour      |       |       |   169 |   685 |       |       ||   854
         Gold dragon scale |       |       |       |       |  1089 |   740 ||  1829
  Dodge: Dodged            |    37 |    44 |    60 |   142 |   109 |    94 ||   486
  Block: Buckler           |    21 |    38 |    72 |   159 |   344 |   226 ||   860

Table legend: (Time is in decaauts)
 A = Elapsed time spent in this place.
 B = Non-inter-level travel time spent in this place.
 C = Inter-level travel time spent in this place.
 D = Time resting spent in this place.
 E = Time spent auto-exploring this place.
 F = Levels seen in this place.
 G = Mean time per level.
                   A        B        C        D        E       F      G
               +--------+--------+--------+--------+--------+-----+--------+
         Total |  23940 |  22772 |   1168 |   2378 |  15439 |  25 |  957.6 |
       Dungeon |  13762 |  13106 |    656 |   1376 |   9280 |  15 |  917.5 |
          Lair |   7316 |   6921 |    395 |    914 |   4625 |   5 | 1463.2 |
  Orcish Mines |   1047 |    979 |     68 |      3 |    672 |   2 |  523.5 |
        Depths |   1384 |   1335 |     49 |      0 |    789 |   2 |  692.0 |
        Bailey |    429 |    429 |      0 |     84 |     73 |   1 |  429.0 |
               +--------+--------+--------+--------+--------+-----+--------+

Top non-repeatable levels by time:
  Lair:1: 2086 daAuts
  Lair:5: 1729 daAuts
  Lair:2: 1544 daAuts
     D:8: 1407 daAuts
  Lair:3: 1286 daAuts
     D:4: 1201 daAuts
     D:6: 1186 daAuts
Depths:1: 1160 daAuts
    D:15: 1116 daAuts
     D:9: 1072 daAuts
     D:3: 1057 daAuts
     D:5: 851 daAuts
     D:1: 815 daAuts
    D:13: 803 daAuts
     D:2: 763 daAuts
